[Event "*** Titled Tuesday 3|2 Blitz"]
[Site "Chess.com"]
[Date "2016.06.07"]
[Round "7"]
[White "profofchess"]
[Black "eltenedor"]
[Result "1-0"]
[WhiteElo "2315"]
[BlackElo "2046"]
[TimeControl "180+2"]
[EndTime "12:29:00 PDT"]
[Termination "profofchess won on time"]

1. e4 d5 2. exd5 Nf6 3. Nf3 Nxd5 4. d4 g6 5. c4 Nb6 6. h3 Bg7 7. Nc3 c5 8. d5 O-O 9. Be2 e6 10. d6 Bd7 11. Be3 Na6 12. O-O Rc8 13. Qd2 Rc6 14.
Rad1 Qb8 15. Bf4 f6 16. Rfe1 Rd8 17. b3 e5 18. Bg3 Be6 19. Nb5 Nc8 20. Bd3 Rb6 21.
Qe2 Nb4 22. Bb1 Bf7 23. a3 Nc6 24. d7 N8e7 25. h4 a6 26. Nd6 Be6 27. Ne4 Rxd7 28. Nxc5 Rxd1 29. Rxd1 Bf7 30. h5 Qc7 31. b4 Nd8 32.
Rd7 Qc8 33. Rxe7 Rd6 34. hxg6 hxg6 35. Nh4 Kh7 36. Rxf7 Nxf7 37. Bxg6+ Kg8 38. Nf5 Rd8 39. Ne7+ Kf8 40. Nxc8 Rxc8 41. Qh5 Ng5 42. Bxe5 b6 43. Nd7+ Ke7 44. Nxb6 Rc6 45. Nd5+ Ke6 46. Bf4 Rxc4 47. Bxg5 fxg5 48. Qxg5 Be5 49. Qf5+ Kd6 50. Ne3 Rc1+ 51. Nf1 Rc4 52. g3 Bd4 53. Kg2 1-0

[Event "*** Titled Tuesday 3|2 Blitz"]
[Site "Chess.com"]
[Date "2016.06.07"]
[Round "7"]
[White "Bentery"]
[Black "Abrito99"]
[Result "1-0"]
[WhiteElo "2436"]
[BlackElo "2390"]
[TimeControl "180+2"]
[EndTime "12:29:03 PDT"]
[Termination "Bentery won by resignation"]

1. Nf3 Nf6 2. g3 g6 3. b3 Bg7 4. Bb2 O-O 5. Bg2 d6 6. d4 Nbd7 7. O-O c5 8. c4 Rb8 9. Nc3 a6 10. a4 b6 11. Qd2 Ne8 12. d5 Nc7 13. Nd1 b5 14. axb5 axb5 15. Bxg7 Kxg7 16. e4 bxc4 17.
bxc4 Rb4 18. Ne3 f6 19. Ne1 Ne5 20. Qc3 Ba6 21. N1c2 Nxc4 22. Nxb4 cxb4 23. Qxb4 Nxe3 24. Rfc1 Nxg2 25. Kxg2 Qd7 26. Qb6 Rc8 27. Qc6 Qg4 28.
f3 Qg5 29. Rxa6 Qd2+ 30. Kh1 Nxa6 31. Qxc8 Nc5 32. Rxc5 Qe1+ 33. Kg2 Qe2+ 34. Kh3 Qf1+ 35.
Kh4 dxc5 36. Qxc5 g5+ 37. Kg4 h5+ 38. Kf5 Qxf3+ 39. Ke6 Qxe4+ 40. Kd7 Kf7 41. Qc6 Qf5+ 42. Kd8 Qe5 43. Qe8+ Kg7 44. Qxe7+ Kg6 45. d6 Qa5+ 46.
Qc7 Qa8+ 47. Ke7 Qe4+ 48. Kf8 Qe6 49. Qg7+ Kf5 50. Qe7 Qc8+ 51. Qe8 Qc5 52. Qd7+ Kg6 53. Qf7+ Kf5 54. Qe7 Qc8+ 55. Kg7 Kg4 56. d7 Qc7 57. Qe6+ Kf3 58. Qxf6+ Kg2 59. Qe7 h4 60. d8=Q Qxd8 61. Qxd8 hxg3 62. hxg3 1-0

[Event "*** Titled Tuesday 3|2 Blitz"]
[Site "Chess.com"]
[Date "2016.06.07"]
[Round "7"]
[White "Lukianoo"]
[Black "E-Shaposhnikov"]
[Result "0-1"]
[WhiteElo "2620"]
[BlackElo "2604"]
[TimeControl "180+2"]
[EndTime "12:29:07 PDT"]
[Termination "E-Shaposhnikov won on time"]

1. e4 c5 2. b3 Nf6 3. e5 Nd5 4. Nc3 e6 5. Nxd5 exd5 6. Qf3 Nc6 7. Qxd5 Qe7 8. Nf3 Nb4 9. Qc4 b6 10. a3 d5 11. Qc3 d4 12. Bb5+ Bd7 13. Bxd7+ Qxd7 14. Qb2 Nd5 15. d3 Be7 16. O-O O-O 17. Bd2 Rac8 18. Rfe1 Rc6 19. Re4 Rg6 20. Kh1 Re8 21.
Rae1 Bd8 22. b4 Bc7 23. Qb3 Qc6 24. Qc4 Rge6 25. Qa6 Bb8 26. h3 h6 27. Qc4 a6 28.
Qxa6 Bc7 29. Qc4 Ra8 30. b5 Qb7 31. a4 Rc8 32. c3 dxc3 33. Bxc3 Bd8 34. Bd2 Be7 35.
Qb3 Rd8 36. Rc1 Rg6 37. Rg4 Rxg4 38. hxg4 Qd7 39. Qc4 Ra8 40. Ra1 Nb4 41. Bxb4 cxb4 42. Qc6 Qd8 43. e6 fxe6 44. Qxe6+ Kh8 45. Ne5 Qd4 46.
Rc1 Bf6 47. Rc8+ Rxc8 48. Qxc8+ Kh7 49. Qf5+ Kh8 50. Ng6+ Kg8 51. Qe6+ Kh7 52. Nf8+ Kh8 53. Ng6+ Kh7 54. Qf5 Kg8 55. f4 b3 56. Qe6+ Kh7 57.
Nf8+ Kh8 58. Ng6+ Kh7 59. Qxb3 Kxg6 60. f5+ Kh7 61. Qc4 Qa1+ 62. Kh2 Be5+ 63. g3 Qb2+ 64.
Kh3 Qf2 0-1

[Event "*** Titled Tuesday 3|2 Blitz"]
[Site "Chess.com"]
[Date "2016.06.07"]
[Round "7"]
[White "josiwales"]
[Black "alturas_pacificas"]
[Result "1/2-1/2"]
[WhiteElo "2122"]
[BlackElo "2173"]
[TimeControl "180+2"]
[EndTime "12:29:16 PDT"]
[Termination "Game drawn - insufficient material"]

1. e4 e5 2. Nf3 Nf6 3. Nxe5 d6 4.
Nc4 Nxe4 5. Nc3 Nxc3 6. bxc3 d5 7.
Ne3 c6 8. d4 Bd6 9. c4 O-O 10.
c5 Bc7 11. Bd3 Nd7 12. Nf5 Re8+ 13. Kf1 Nf6 14. Bg5 Bxf5 15. Bxf5 h6 16. Bh4 Bf4 17. Qf3 Bg5 18. Bxg5 hxg5 19. h4 g4 20. Bxg4 Nxg4 21. Qxg4 Re4 22. Qg5 Qxg5 23. hxg5 Rxd4 24. Re1 Re4 25. Rxe4 dxe4 26. Rh4 Re8 27. Ke2 f6 28. gxf6 gxf6 29. Rg4+ Kf7 30. Rh4 Kg6 31. Ke3 f5 32. g4 Re5 33. gxf5+ Rxf5 34. Rg4+ Kf6 35. Rf4 Ke5 36.
Rxe4+ Kd5 37. f4 Rf7 38. Re5+ Kc4 39. f5 Kc3 40. Ke4 Kxc2 41. Re6 Kb2 42. a4 Ka3 43. a5 Kb4 44. Ke5 Kxa5 45. f6 Kb5 46. Re7 Rf8 47. Rxb7+ Kxc5 48. Rxa7 Kb4 49. f7 c5 50.
Rb7+ Kc3 51. Ke4 c4 52. Rc7 Kb2 53. Rb7+ Kc2 54. Rc7 c3 55. Kd4 Kd2 56. Kd5 c2 57. Ke6 Ra8 58. Ke7 Ra7 59. Rxa7 c1=Q 60. f8=Q Qc5+ 61. Ke8 Qxa7 62. Qd6+ Kc3 63. Qc6+ Kb4 64. Qd6+ Kb5 65. Qd7+ Kb6 66. Qxa7+ Kxa7 1/2-1/2

[Event "*** Titled Tuesday 3|2 Blitz"]
[Site "Chess.com"]
[Date "2016.06.07"]
[Round "7"]
[White "Iuri_Shkuro"]
[Black "Fandorine"]
[Result "0-1"]
[WhiteElo "2410"]
[BlackElo "2598"]
[TimeControl "180+2"]
[EndTime "12:29:27 PDT"]
[Termination "Fandorine won by resignation"]

1. e4 c6 2. d4 d5 3. e5 Bf5 4. c4 e6 5. Nc3 Ne7 6. a3 dxc4 7. Bxc4 Nd7 8. Nge2 h6 9. O-O Nb6 10.
Bb3 Ned5 11. Ng3 Bg6 12. f4 Qd7 13. Qf3 Ne7 14. Be3 h5 15. Nce4 Nf5 16. Nxf5 Bxf5 17.
h3 h4 18. a4 Nd5 19. Bf2 Be7 20. a5 O-O 21. Ng5 Bxg5 22. fxg5 Ne7 23. Rfd1 Ng6 24. a6 bxa6 25. Rxa6 Rab8 26. Ra3 Rb7 27. Qe3 Rfb8 28. Rc1 Rb6 29. Rc3 Rb4 30. Kh2 Ne7 31. Ra6 Bg6 32. Qf3 R4b6 33. Rxb6 axb6 34. Qf4 Rd8 35. Qf3 Ra8 36. Qf4 Nf5 37. Qe4 Rc8 38. Qf4 Rd8 39. Bc2 Ra8 40. Bd3 Ne7 41. Be2 Nd5 42. Qxh4 Nxc3 43.
bxc3 Ra2 44. Qg4 Rc2 45. h4 Bf5 46. Qf3 Qd5 47. Bg3 Be4 48. Qe3 b5 49. Kg1 Bxg2 50. h5 Bh1 51. Qf2 Rc1+ 52. Kh2 Be4 53. Bf1 Bf5 54. Bg2 Qc4 55. h6 Rc2 56. Qf3 Qe2 57. Qxe2 Rxe2 58. hxg7 Kxg7 59. Kg1 Be4 60. Bf1 Rc2 61.
Bf2 Rxc3 62. g6 Kxg6 63. Bh4 b4 64. Be1 Rc1 65. Bxb4 Bd3 66. Kf2 Rxf1+ 0-1

[Event "*** Titled Tuesday 3|2 Blitz"]
[Site "Chess.com"]
[Date "2016.06.07"]
[Round "7"]
[White "severomorskij"]
[Black "FairChess_on_YouTube"]
[Result "0-1"]
[WhiteElo "2606"]
[BlackElo "2721"]
[TimeControl "180+2"]
[EndTime "12:29:33 PDT"]
[Termination "FairChess_on_YouTube won by resignation"]

1. d4 g6 2. e4 Bg7 3. Nc3 c6 4. f4 Qb6 5. Nf3 d5 6. e5 Bg4 7.
Be2 Bxf3 8. Bxf3 e6 9. O-O h5 10. Ne2 Nh6 11. c3 Nf5 12. Kh1 Bf8 13. Ng3 Nxg3+ 14.
hxg3 Na6 15. Qe2 Nc7 16. Be3 a5 17. a4 Be7 18. Kh2 Kd7 19. Qd2 Ne8 20. c4 Ng7 21. c5 Qc7 22. b4 axb4 23. Qxb4 Nf5 24. Bf2 Rhb8 25. Rfb1 b6 26. cxb6 Bxb4 27. bxc7 Kxc7 28.
Rb3 Ba5 29. Rab1 Rxb3 30. Rxb3 Bb6 31. Rb4 Ba5 32. Rb3 Bb6 33. Rb4 Ba5 34. Rb3 Bd2 35.
Rd3 Bc1 36. Bd1 Rb8 37. a5 Rb2 38. Be1 Ra2 39. Rc3 Bd2 40. Bxd2 Rxd2 41. Ba4 Nxd4 42. Ra3 Kb7 43. a6+ Ka7 44. Rc3 Kxa6 45. Bxc6 Nf5 46. Be8 Nh6 47. Rc1 d4 48. Kh3 d3 49. Bc6 Nf5 50.
Be4 Kb6 51. Bxf5 exf5 52. Rc3 Kb5 53. Kh4 Kb4 54. Rc7 Rxg2 55. Rxf7 d2 56. Rd7 Kc3 57. Kg5 Rxg3+ 58. Kf6 Rd3 59. Rc7+ Kb3 60. Rb7+ Kc2 61. Rc7+ Rc3 62. Rd7 d1=Q 63. Rxd1 Kxd1 64. Kxg6 h4 0-1

[Event "*** Titled Tuesday 3|2 Blitz"]
[Site "Chess.com"]
[Date "2016.06.07"]
[Round "7"]
[White "PowerThinking2650"]
[Black "Winehouse83"]
[Result "0-1"]
[WhiteElo "2222"]
[BlackElo "2470"]
[TimeControl "180+2"]
[EndTime "12:30:05 PDT"]
[Termination "Winehouse83 won on time"]

1. e4 e5 2. Nf3 Nc6 3. d4 exd4 4. Nxd4 Nf6 5. Nxc6 bxc6 6. e5 Qe7 7. Qe2 Nd5 8. c4 Ba6 9. b3 g6 10. Bb2 Bg7 11. g3 O-O 12. Bg2 Nb6 13. O-O d5 14. Nd2 Rfe8 15. Rfe1 f6 16. a4 fxe5 17. a5 Nd7 18.
Qg4 Nf6 19. Qh4 e4 20. cxd5 cxd5 21. Rac1 Rac8 22. Bd4 c5 23. Be3 Nd7 24. Bg5 Bf6 25. f4 Bxg5 26. fxg5 Ne5 27. Re3 Bd3 28. Rce1 Rf8 29.
Kh1 Rf2 30. Nb1 Rcf8 31. Nc3 d4 32. Rxe4 dxc3 33. Rxe5 Qd8 34. Rxc5 c2 35. Bd5+ R2f7 36. Qd4 Bf5 37. Bxf7+ Kxf7 38. Qc4+ Kg7 39. Rc7+ Bd7 40. Qxc2 Rf7 41. Qc3+ Kg8 42. Rd1 Qa8+ 43. Kg1 Bh3 44.
Rc8+ Qxc8 45. Qxc8+ Bxc8 46. Rd8+ Rf8 47. Rd6 a6 48. b4 Kf7 49. Rf6+ Ke7 50. Rb6 Rf5 51. h4 Rb5 52. Rc6 Bd7 53. Rxa6 Rxb4 54. Ra7 Ra4 55. Kf2 Kd6 56. Ra6+ Bc6 57. Ra7 Ra2+ 58. Ke3 Bd7 59. Kf4 Rf2+ 60. Ke3 Rf5 61.
g4 Rb5 62. a6 Ra5 63. Ra8 Ra3+ 64. Kf4 Ra4+ 65. Ke3 Bxg4 66. a7 Kc7 67. Rh8 Rxa7 68.
Rxh7+ Kb6 0-1

[Event "*** Titled Tuesday 3|2 Blitz"]
[Site "Chess.com"]
[Date "2016.06.07"]
[Round "7"]
[White "platy3"]
[Black "Keaton87"]
[Result "1-0"]
[WhiteElo "2679"]
[BlackElo "2477"]
[TimeControl "180+2"]
[EndTime "12:30:15 PDT"]
[Termination "platy3 won by resignation"]

1. e4 c5 2. Nf3 d6 3. d4 Nf6 4.
Nc3 cxd4 5. Nxd4 g6 6. Be3 Bg7 7. Be2 O-O 8. Qd2 Nc6 9. O-O-O Nxd4 10. Bxd4 Be6 11. h4 Qa5 12. Qg5 b5 13. Qxb5 Qc7 14.
e5 Ne8 15. Nd5 Bxd5 16. Qxd5 Rc8 17. c3 dxe5 18. Be3 Nd6 19. h5 Nf5 20. hxg6 hxg6 21.
Bg5 e4 22. Kb1 Qb6 23. Qb5 Qxf2 24. Rdf1 Qxg2 25. Rhg1 Qh2 26. Bf4 Qh4 27. Bg5 Qh2 28.
Bf4 Qh4 29. Bg5 Qh3 30. Bg4 Rb8 31. Bxh3 Rxb5 32. Bxf5 Bxc3 33. b3 Bd4 34. Rg2 Rxf5 35. Rxf5 gxf5 36. Bxe7+ Bg7 37. Bf6 Re8 38. Rxg7+ Kh8 39.
Rxf7+ Kg8 40. Rg7+ Kf8 41. Kc1 f4 42. Rg4 f3 43. Rf4 Kf7 44. Bd4+ Kg6 45. Be3 a5 46.
a3 Re5 47. Kb2 Kh5 48. b4 axb4 49. axb4 Rd5 50. Rxe4 Rd3 51. Kc2 Ra3 52. Bc5 Kg5 53.
Kb2 Rd3 54. Re8 Kf5 55. Rf8+ Ke4 56. Kc2 Ra3 57. Re8+ Kd5 58. Rf8 Kc4 59. Kd2 Rb3 60. Ke1 Kd5 61. Kf2 Ke4 62. Re8+ Kf4 63. Be3+ Kg4 64.
Rg8+ Kf5 65. b5 Ke4 66. Rg4+ Kd3 67. Rd4+ Kc3 68. Rd5 Kc4 69. Rc5+ Kb4 70. b6 Ka4 71. Rc8 Ka5 72. Kxf3 Ka6 73. Rc7 Rd3 74. Ke4 Rd6 75. Ra7+ Kb5 76. b7 Rd8 77. Ra8 1-0

[Event "*** Titled Tuesday 3|2 Blitz"]
[Site "Chess.com"]
[Date "2016.06.07"]
[Round "8"]
[White "MinhGTrAn"]
[Black "Malev212"]
[Result "1-0"]
[WhiteElo "2632"]
[BlackElo "2270"]
[TimeControl "180+2"]
[EndTime "12:33:21 PDT"]
[Termination "MinhGTrAn won by resignation"]

1. d4 d6 2. e4 Nf6 3. Nc3 g6 4. f4 Bg7 5. Nf3 O-O 6. Bd3 Na6 7. O-O c5 8. d5 Rb8 9. Kh1 b6 10. Qe2 Nc7 11. a4 a6 12. Bd2 b5 13. axb5 axb5 14.
Nxb5 Nxb5 15. Bxb5 Nxe4 16. Ba5 Rb6 17. Qxe4 1-0

[Event "*** Titled Tuesday 3|2 Blitz"]
[Site "Chess.com"]
[Date "2016.06.07"]
[Round "8"]
[White "JSPrepz"]
[Black "SabinaFoisor"]
[Result "0-1"]
[WhiteElo "2354"]
[BlackElo "2208"]
[TimeControl "180+2"]
[EndTime "12:35:02 PDT"]
[Termination "SabinaFoisor won by resignation"]

1. d4 d5 2. c4 e6 3. Nf3 Nf6 4.
g3 Be7 5. Bg2 O-O 6. Qc2 c6 7. O-O b6 8. b3 Bb7 9. Bb2 Na6 10. Nc3 Rc8 11. e4 c5 12. exd5 exd5 13. Rfd1 dxc4 14. d5 Nb4 15. Qf5 g6 16. Qe5 Nd3 17. Rxd3 cxd3 18. Ne4 Bxd5 19. Nxf6+ Bxf6 20. Qxf6 Qxf6 21. Bxf6 b5 22. Ne5 Bxg2 23. Kxg2 c4 24. bxc4 bxc4 25. h4 Rfe8 26. g4 Re6 27. g5 d2 28. h5 c3 29. hxg6 fxg6 30. Rb1 Rb6 31. Rd1 c2 32. Rxd2 c1=Q 33. Rd7 Rxf6 34. gxf6 Qg5+ 35.
Ng4 Qxg4+ 0-1

[Event "*** Titled Tuesday 3|2 Blitz"]
[Site "Chess.com"]
[Date "2016.06.07"]
[Round "8"]
[White "northridgehawk"]
[Black "Mvpag"]
[Result "1-0"]
[WhiteElo "1893"]
[BlackElo "2082"]
[TimeControl "180+2"]
[EndTime "12:35:09 PDT"]
[Termination "northridgehawk won by resignation"]

1. e4 e5 2. Bc4 Nf6 3. Nc3 d6 4. d3 Be7 5. f4 O-O 6. f5 Nc6 7. Nf3 Na5 8. Be3 c6 9. Qe2 Qc7 10. Bb3 b6 11. O-O-O d5 12. Bd2 Nxb3+ 13. axb3 d4 14.
Nb1 a5 15. Rdg1 a4 16. bxa4 b5 17. g4 bxa4 18. g5 Nh5 19. Nxd4 exd4 20. Qxh5 a3 21. bxa3 Bxa3+ 22. Nxa3 Rxa3 23. Kd1 g6 24. Qh6 Qe5 25. f6 1-0

[Event "*** Titled Tuesday 3|2 Blitz"]
[Site "Chess.com"]
[Date "2016.06.07"]
[Round "8"]
[White "bilelou"]
[Black "yopino"]
[Result "0-1"]
[WhiteElo "2124"]
[BlackElo "2230"]
[TimeControl "180+2"]
[EndTime "12:35:11 PDT"]
[Termination "yopino won by resignation"]

1. e4 c5 2. Nf3 g6 3. c3 Bg7 4. d4 cxd4 5. cxd4 d5 6. e5 Bg4 7.
Be2 Nc6 8. O-O Nh6 9. Nc3 Nf5 10. h3 Bxf3 11. Bxf3 e6 12. Be3 O-O 13. a3 f6 14.
Bg4 fxe5 15. dxe5 d4 16. Bxf5 exf5 17. Qb3+ Kh8 18. Rad1 Bxe5 19. Nb5 Qf6 20. Bh6 Rfd8 21. Rfe1 g5 22. Bxg5 Qxg5 23. Qe6 Re8 24. Qf7 Rg8 0-1

[Event "*** Titled Tuesday 3|2 Blitz"]
[Site "Chess.com"]
[Date "2016.06.07"]
[Round "8"]
[White "Masterbeaterr"]
[Black "ChessMavenYeti"]
[Result "1-0"]
[WhiteElo "2323"]
[BlackElo "2145"]
[TimeControl "180+2"]
[EndTime "12:35:54 PDT"]
[Termination "Masterbeaterr won by checkmate"]

1. e4 d6 2. d4 Nf6 3. Nc3 e5 4. Nf3 Nbd7 5. Bc4 Be7 6. O-O O-O 7. Re1 c6 8. a4 a5 9. h3 Qc7 10. Ba2 Re8 11. Be3 h6 12. d5 Nb6 13. Qd3 cxd5 14.
exd5 Bd7 15. Nb5 Bxb5 16. axb5 Rec8 17. c3 e4 18. Bxb6 Qxb6 19. Qd4 Qxb5 20. Nh4 Qc5 21. Nf5 Bf8 22. Nxh6+ Kh7 23. Qxc5 Rxc5 24. Nxf7 Nxd5 25. Rxe4 Nf6 26. Re2 Kg6 27. Rd1 Ne8 28. Rd4 Rf5 29. Rg4+ Kf6 30. Nh8 g5 31. h4 Bg7 32. Re6# 1-0

[Event "*** Titled Tuesday 3|2 Blitz"]
[Site "Chess.com"]
[Date "2016.06.07"]
[Round "8"]
[White "kereswasbest"]
[Black "WanderingPuppet"]
[Result "0-1"]
[WhiteElo "2116"]
[BlackElo "2270"]
[TimeControl "180+2"]
[EndTime "12:36:24 PDT"]
[Termination "WanderingPuppet won by resignation"]

1. d4 Nf6 2. c4 g6 3. Nc3 Bg7 4. e4 d6 5. Nf3 O-O 6. Be2 Nbd7 7.
O-O e5 8. d5 a5 9. Ne1 Ne8 10.
Nd3 f5 11. f4 exf4 12. exf5 gxf5 13. Nxf4 Ne5 14. Ne6 Bxe6 15. dxe6 c6 16. Bh5 Nc7 17.
Qb3 Nxe6 18. Be3 f4 19. Bb6 Qg5 20. c5 d5 21. Nxd5 Nd4 22. Nf6+ Kh8 23. Ne4 Qxh5 24. Qa4 Qg6 25. Nd6 f3 26. g3 f2+ 27. Kg2 Ng4 0-1

[Event "*** Titled Tuesday 3|2 Blitz"]
[Site "Chess.com"]
[Date "2016.06.07"]
[Round "8"]
[White "matej2221"]
[Black "Makalexa"]
[Result "1-0"]
[WhiteElo "2459"]
[BlackElo "2179"]
[TimeControl "180+2"]
[EndTime "12:36:33 PDT"]
[Termination "matej2221 won by resignation"]

1. e4 e5 2. Nf3 Nc6 3. d4 exd4 4. Nxd4 Bc5 5. Nb3 Bb4+ 6. c3 Be7 7. g3 Nf6 8. Bg2 d6 9. O-O O-O 10. Re1 Bg4 11. f3 Bh5 12. N1d2 Ne5 13. Qc2 Qd7 14.
f4 Ng6 15. Nf3 Bxf3 16. Bxf3 h5 17. e5 dxe5 18. fxe5 Ng4 19. e6 Qd6 20. Bxg4 hxg4 21.
Nd4 Ne5 22. Bf4 f6 23. Qe4 c5 24. Nf5 Qxe6 25. Bxe5 fxe5 26. Qd5 Kf7 27. Nxe7 Qxd5 28.
Nxd5 Rae8 29. c4 e4 30. Re3 Re5 31. Rae1 Rfe8 32. Nc3 1-0

[Event "*** Titled Tuesday 3|2 Blitz"]
[Site "Chess.com"]
[Date "2016.06.07"]
[Round "8"]
[White "jcibarra"]
[Black "AndreyOstrovskiy"]
[Result "0-1"]
[WhiteElo "2624"]
[BlackElo "2455"]
[TimeControl "180+2"]
[EndTime "12:36:48 PDT"]
[Termination "AndreyOstrovskiy won by resignation"]

1. e4 e5 2. Nf3 Nc6 3. Nc3 Nf6 4. d4 exd4 5. Nxd4 Bb4 6. Nxc6 bxc6 7. Bd3 d5 8. exd5 cxd5 9. Qe2+ Be7 10. Bg5 O-O 11.
O-O-O c6 12. Rhe1 Bd6 13. h3 h6 14. Bh4 Rb8 15. Qf3 Rb4 16. Bxf6 Qxf6 17. Qxf6 gxf6 18. Ne2 c5 19. c3 Ra4 20. Bc2 Rxa2 21. Rxd5 Bc7 22. Kb1 Ra5 23. Rh5 Re8 24. b4 cxb4 25. Rxa5 Bxa5 26. Ba4 Re7 27. cxb4 Bxb4 28. Rc1 Bf5+ 29. Bc2 Rxe2 30. Bxf5 Rxf2 31. Rc2 Rxf5 32. Rc4 a5 33. Kc2 Rf2+ 0-1

[Event "*** Titled Tuesday 3|2 Blitz"]
[Site "Chess.com"]
[Date "2016.06.07"]
[Round "8"]
[White "Wolverine_master"]
[Black "Rating-Schmating"]
[Result "0-1"]
[WhiteElo "2091"]
[BlackElo "2190"]
[TimeControl "180+2"]
[EndTime "12:36:51 PDT"]
[Termination "Rating-Schmating won by checkmate"]

1. e4 e6 2. d4 d5 3. Nd2 a6 4. Bd3 c5 5. c3 Nf6 6. e5 Nfd7 7.
Ne2 Nc6 8. O-O Qb6 9. Nf3 Be7 10. Rb1 cxd4 11. cxd4 Nb4 12. a3 Nxd3 13. Qxd3 Nf8 14. b4 Bd7 15. Bg5 Bb5 16. Qd2 Bxg5 17. Nxg5 Bxe2 18.
Qxe2 Qxd4 19. Rfd1 Qf4 20. Nf3 Nd7 21. Rbc1 O-O 22. Rc7 Nb6 23. Rxb7 Nc4 24. a4 Rfb8 25. Rxb8+ Rxb8 26. Rb1 g5 27. h3 h5 28. Ne1 g4 29. hxg4 hxg4 30. Nd3 Qf5 31. f3 g3 32.
f4 Qh7 33. Rf1 Qh2# 0-1

[Event "*** Titled Tuesday 3|2 Blitz"]
[Site "Chess.com"]
[Date "2016.06.07"]
[Round "8"]
[White "cassoulet"]
[Black "josiwales"]
[Result "1-0"]
[WhiteElo "2327"]
[BlackElo "2113"]
[TimeControl "180+2"]
[EndTime "12:37:00 PDT"]
[Termination "cassoulet won by resignation"]

1. e4 c5 2. Nf3 d6 3. d4 cxd4 4. Nxd4 Nf6 5. Nc3 g6 6. Be3 Bg7 7. f3 a6 8. Qd2 h5 9. O-O-O Nbd7 10. Nd5 Nxd5 11. exd5 b5 12. Nc6 Qc7 13. Bd4 Nf6 14. Re1 e5 15. dxe6 Qxc6 16. Qg5 Bxe6 17. Rxe6+ fxe6 18. Qxg6+ Kf8 19. Bxf6 Qd7 20. Bd3 Bxf6 21. Qxf6+ Kg8 22.
Re1 Re8 23. Qg6+ Kf8 24. Re4 Qf7 25. Qg5 e5 26. f4 Rg8 27. Qh6+ Rg7 28. Qxd6+ Kg8 29.
fxe5 Rxg2 30. b3 Rxh2 31. Re1 Qf4+ 32. Kb2 Rg2 33. Qd5+ Kh8 34. Qxg2 Rxe5 35. Qa8+ Kg7 36. Qb7+ Kf6 37. Qxa6+ Kg5 38. Qg6+ Kh4 39. Rh1+ 1-0

[Event "*** Titled Tuesday 3|2 Blitz"]
[Site "Chess.com"]
[Date "2016.06.07"]
[Round "8"]
[White "alturas_pacificas"]
[Black "Aguiar94"]
[Result "0-1"]
[WhiteElo "2169"]
[BlackElo "2346"]
[TimeControl "180+2"]
[EndTime "12:37:24 PDT"]
[Termination "Aguiar94 won by resignation"]

1. d4 Nf6 2. Bf4 d5 3. e3 c5 4. c3 Nc6 5. Nf3 Qb6 6. Qb3 c4 7. Qxb6 axb6 8. Nbd2 b5 9. a3 b4 10.
cxb4 Nxb4 11. Rc1 Nc6 12. h3 b5 13. Be2 h6 14. O-O Bf5 15. Ne5 Nxe5 16. Bxe5 e6 17.
Rfe1 b4 18. axb4 Bxb4 19. Red1 Kd7 20. Bxc4 dxc4 21. Nxc4 Nd5 22. Bxg7 Rhg8 23. Bxh6 Bxh3 24. g3 Bf5 25. Ne5+ Ke7 26. Nc6+ Ke8 27. Nxb4 Nxb4 28. Bf4 Nd3 29. Rc7 Nxf4 30. exf4 Be4 31. Re1 f5 32. b4 Bd5 33. Rc5 Kd7 34. Re5 Ra1+ 0-1

[Event "*** Titled Tuesday 3|2 Blitz"]
[Site "Chess.com"]
[Date "2016.06.07"]
[Round "8"]
[White "SloLev"]
[Black "jeaston1"]
[Result "1-0"]
[WhiteElo "2102"]
[BlackElo "2021"]
[TimeControl "180+2"]
[EndTime "12:37:24 PDT"]
[Termination "SloLev won by resignation"]

1. d4 d5 2. Nf3 Nf6 3. e3 e6 4.
Be2 Be7 5. O-O O-O 6. Nbd2 c5 7.
b3 Nc6 8. Bb2 b6 9. a4 Bb7 10.
Ne5 Nxe5 11. dxe5 Ne4 12. Nxe4 dxe4 13. a5 Qc7 14. a6 Bc6 15. c4 Rad8 16. Qc2 Rd7 17.
Rfd1 Rfd8 18. g3 Bf8 19. Rxd7 Rxd7 20. Rd1 g6 21. Rxd7 Qxd7 22. Bf1 Bg7 23. h4 Qc7 24. Qc3 Qc8 25. Qd2 Qd7 26. Qc1 Bf8 27. Bc3 Qc8 28. Qa1 Qd7 29. Be2 Bg7 30. b4 cxb4 31. Bxb4 b5 32. cxb5 Bxb5 33. Bxb5 Qxb5 34. Qd4 Qb8 35.
Bd6 Qa8 36. Qb4 Bf8 37. Qb7 Qd8 38. Qxa7 Bxd6 39. Qd4 Qc8 40. exd6 Qxa6 41. d7 1-0

[Event "*** Titled Tuesday 3|2 Blitz"]
[Site "Chess.com"]
[Date "2016.06.07"]
[Round "8"]
[White "norwaytoadog"]
[Black "Abdodi"]
[Result "1-0"]
[WhiteElo "2034"]
[BlackElo "1976"]
[TimeControl "180+2"]
[EndTime "12:37:24 PDT"]
[Termination "norwaytoadog won by resignation"]

1. e4 c6 2. d4 d5 3. Nc3 dxe4 4. Nxe4 Nd7 5. Ng5 e6 6. Bd3 Ngf6 7. N1f3 Bd6 8. O-O h6 9. Ne4 Nxe4 10. Bxe4 Nf6 11. Bd3 b6 12. Qe2 Bb7 13. c4 Qc7 14. Ne5 O-O-O 15.
Bf4 g5 16. Bg3 h5 17. c5 bxc5 18. dxc5 Bxe5 19. Bxe5 Qe7 20. Qf3 Rh6 21. Rfd1 Ne8 22. Be4 f6 23. Bxc6 Rxd1+ 24. Rxd1 fxe5 25. Bxb7+ Qxb7 26. Rd8+ Kxd8 27. Qxb7 Rg6 28. Qb8+ Kd7 29. Qxa7+ Kd8 30.
Qb8+ Ke7 31. c6 Rg7 32. c7 Nxc7 33. Qxc7+ 1-0

[Event "*** Titled Tuesday 3|2 Blitz"]
[Site "Chess.com"]
[Date "2016.06.07"]
[Round "8"]
[White "Winehouse83"]
[Black "Keranke"]
[Result "0-1"]
[WhiteElo "2464"]
[BlackElo "2582"]
[TimeControl "180+2"]
[EndTime "12:37:36 PDT"]
[Termination "Keranke won by resignation"]

1. d4 g6 2. e4 Bg7 3. f4 d6 4. Nc3 a6 5. e5 Nd7 6. Nf3 c5 7. Be3 Nh6 8. dxc5 Nf5 9. Bf2 dxe5 10. fxe5 O-O 11. e6 fxe6 12. Bc4 Qa5 13. Bxe6+ Kh8 14.
O-O Nxc5 15. Bxc8 Raxc8 16. Be1 Qb6 17. Nd5 Qxb2 18. Rb1 Qxa2 19. Nb6 Ne3 20. Qc1 Nxf1 21. Nxc8 Rxc8 22. Kxf1 Nd3 23. Qd1 Nxe1 24. Nxe1 b5 25. Rb3 Qa4 26. Rd3 Qc4 27. g3 Bf6 28. Kg2 Kg7 29. h4 h5 30. Qe2 a5 31. Qf3 a4 32.
Qb7 Qc6+ 33. Qxc6 Rxc6 34. Kf3 Bb2 35. Rd5 a3 0-1

[Event "*** Titled Tuesday 3|2 Blitz"]
[Site "Chess.com"]
[Date "2016.06.07"]
[Round "8"]
[White "OldweakGM"]
[Black "TheLancer"]
[Result "1-0"]
[WhiteElo "2606"]
[BlackElo "2465"]
[TimeControl "180+2"]
[EndTime "12:37:45 PDT"]
[Termination "OldweakGM won by resignation"]

1. Nf3 c5 2. c4 g6 3. Nc3 Bg7 4. g3 Nc6 5. Bg2 d6 6. O-O e5 7. d3 Nge7 8. Ne1 Be6 9. Nc2 d5 10. cxd5 Nxd5 11. Ne3 Nde7 12. Ne4 b6 13. Ng5 Bc8 14. Qa4 Bd7 15. Qh4 h6 16. Ne4 Be6 17. Nc4 g5 18. Qh5 Nd4 19. Be3 Nef5 20. h4 gxh4 21. g4 Nxe2+ 22. Kh2 Nxe3 23. fxe3 O-O 24. g5 Ng3 25. Qxh4 Nxf1+ 26. Rxf1 Rc8 27. Nf6+ Kh8 28. gxh6 Bxf6 29. Rxf6 Rg8 30. Nxe5 Qd6 31. Qf4 Rcd8 32. Rxf7 Qxe5 33. Qxe5+ 1-0

[Event "*** Titled Tuesday 3|2 Blitz"]
[Site "Chess.com"]
[Date "2016.06.07"]
[Round "8"]
[White "Zazuliak"]
[Black "sandropozo"]
[Result "1-0"]
[WhiteElo "2361"]
[BlackElo "2403"]
[TimeControl "180+2"]
[EndTime "12:37:50 PDT"]
[Termination "Zazuliak won by resignation"]

1. d4 e6 2. c4 Nf6 3. Nc3 Bb4 4. Qc2 O-O 5. a3 Bxc3+ 6. Qxc3 Ne4 7. Qc2 f5 8. g3 b6 9. Bg2 Bb7 10. Nf3 d6 11.
O-O Nd7 12. Ng5 Nxg5 13. Bxb7 Rb8 14. Bg2 h6 15. b4 c5 16. dxc5 bxc5 17. b5 e5 18. Rd1 Qe7 19. a4 f4 20. Qd3 Rf6 21. a5 Kh8 22. b6 axb6 23. a6 e4 24. Qd5 f3 25. Bxg5 hxg5 26. exf3 exf3 27. a7 Rbf8 28. a8=Q fxg2 29. Re1 Ne5 30. Rxe5 dxe5 31. Qab7 Qe8 32.
Qxg2 Qg6 33. Qbe4 Qh5 34. g4 Qh6 35. Ra8 1-0

[Event "*** Titled Tuesday 3|2 Blitz"]
[Site "Chess.com"]
[Date "2016.06.07"]
[Round "8"]
[White "akinov-akinseye"]
[Black "Ksenia_Legenko"]
[Result "0-1"]
[WhiteElo "1716"]
[BlackElo "2042"]
[TimeControl "180+2"]
[EndTime "12:37:56 PDT"]
[Termination "Ksenia_Legenko won by checkmate"]

1. e4 c6 2. d4 d5 3. exd5 cxd5 4. c4 Nf6 5. Be2 g6 6. Nf3 Bg7 7. c5 O-O 8. Nc3 Nc6 9. O-O Bg4 10. Be3 e6 11. h3 Bxf3 12. Bxf3 a6 13. Rc1 Nd7 14. Be2 Qf6 15. Qd2 Nxd4 16. Bxd4 Qxd4 17. Qxd4 Bxd4 18.
b4 Bxc3 19. Rxc3 Rac8 20. Rfc1 Ne5 21. f4 Nc6 22. a3 Rfd8 23. b5 axb5 24. Bxb5 Kg7 25. a4 f6 26. Re3 Kf7 27. Kf2 Nd4 28. c6 bxc6 29. Ba6 Ra8 30. Bb7 Rxa4 31. Bxc6 Ra2+ 32.
Kg3 Ne2+ 33. Rxe2 Rxe2 34. Bb5 Re3+ 35. Kf2 d4 36. Rc7+ Kf8 37. Rxh7 Rb3 38. Rh8+ Ke7 39. Rh7+ Kd6 40. Bf1 Rb2+ 41. Kf3 Rd7 42. Rh6 Rg7 43.
g4 e5 44. fxe5+ fxe5 45. h4 Kd5 46. Rh8 Rf7+ 47. Kg3 Rxf1 48. Rd8+ Ke4 49. h5 g5 50. h6 Rf3# 0-1